 Dungeon Crawl Stone Soup version 0.29.0-11-gd7f09526c8 (webtiles) character file.

Game seed: 7597795222781819464

30 sasquatch the Firebug (level 3, 0/19 HPs)
             Began as a Deep Elf Fire Elementalist on Sept 3, 2022.
             Slain by Terence
             ... wielding a +4 vorpal mace
              (8 damage)
             ... on level 2 of the Dungeon.
             The game lasted 00:01:23 (1155 turns).

sasquatch the Firebug (Deep Elf Fire Elementalist)  Turns: 1155, Time: 00:01:23

Health: 0/19       AC:  2    Str:  5    XL:     3   Next: 3%
Magic:  4/10       EV: 12    Int: 21    God:
Gold:   43         SH:  0    Dex: 15    Spells: 8/9 levels left

rFire   . . .      SeeInvis .   (no weapon)
rCold   . . .      Faith    .   (no shield)
rNeg    . . .      Spirit   .   a - +0 robe
rPois   .          Reflect  .   (no helmet)
rElec   .          Harm     .   (no cloak)
rCorr   .          Rampage  .   (no gloves)
Will    .....                   (no boots)
Stlth   ++........              (no amulet)
HPRegen 0.06/turn               l - ring of wizardry
MPRegen 0.12/turn               (no ring)

@: very slightly contaminated
A: no striking features
a: no special abilities


You were on level 2 of the Dungeon.
You visited 1 branch of the dungeon, and saw 2 of its levels.

You collected 43 gold pieces.

Inventory:

Armour
 a - a +0 robe (worn)
Jewellery
 e - an amulet of magic regeneration
 l - a ring of wizardry (left hand)
Scrolls
 d - a scroll of magic mapping {unknown}
 f - 2 scrolls of brand weapon {unknown}
 h - a scroll of enchant weapon {unknown}
 i - a scroll of teleportation {unknown}
Potions
 b - a potion of magic
 c - a potion of invisibility {unknown}
 g - a potion of cancellation {unknown}
 j - a potion of attraction {unknown}
 k - a potion of flight {unknown}


   Skills:
 - Level 2.5 Dodging
 - Level 2.6 Stealth
 + Level 3.6 Spellcasting
 + Level 1.9 Conjurations
 + Level 3.7 Fire Magic


You had 8 spell levels left.
You knew the following spells:

 Your Spells              Type           Power      Damage    Failure   Level
a - Foxfire               Conj/Fire      60%        2x1d7     1%          1

Your spell library contained the following spells:

 Spells                   Type           Power      Damage    Failure   Level
 Scorch                   Fire           38%        2d7       1%          2
 Slow                     Hex            12%        N/A       4%          1
 Conjure Flame            Conj/Fire      15%        6-21      4%          3
 Inner Flame              Hex/Fire       11%        N/A       7%          3
 Confusing Touch          Hex            3%         N/A       16%         3
 Vampiric Draining        Necr           3%         2d6       16%         3
 Flame Wave               Conj/Fire      15%        2d7       16%         4


Dungeon Overview and Level Annotations

Branches:
Dungeon (2/15)

Altars:

Annotations:
D:2 Terence


Message History

Casting: Foxfire (safe; 1% risk of failure)
Press: ? - help, Q - select action Dir - look around, f - activate You miscast Foxfire.
You are very lightly contaminated with residual magic.
Nothing appears to happen.
The foxfire hits Terence.
Terence is lightly wounded.
The foxfire hits Terence.
Terence is lightly wounded.
Casting: Foxfire (safe; 1% risk of failure)
Press: ? - help, Q - select action Dir - look around, f - activate You conjure some foxfire!
Terence barely misses you.
Unknown command.
Casting: Foxfire (safe; 1% risk of failure)
Press: ? - help, Q - select action Dir - look around, f - activate You conjure some foxfire!
The foxfire hits Terence.
Terence is moderately wounded.
The foxfire hits Terence but does no damage.
Terence is moderately wounded.
Terence hits you with a +4 vorpal mace.
Casting: Foxfire (safe; 1% risk of failure)
Press: ? - help, Q - select action Dir - look around, f - activate You conjure some foxfire!
The foxfire hits Terence but does no damage.
Terence is moderately wounded.
The foxfire hits Terence.
Terence is heavily wounded.
Terence hits you with a +4 vorpal mace!
Casting: Foxfire (safe; 1% risk of failure)
Press: ? - help, Q - select action Dir - look around, f - activate You conjure some foxfire!
The foxfire hits Terence!
Terence is almost dead.
The foxfire hits Terence but does no damage.
Terence is almost dead.
Terence bares his teeth.
Terence hits you with a +4 vorpal mace!
You die...

######### ###.......#
......v.#.### #@@v...#
##.§...## #.###§.....#
#..........# ##+#
#####......# #.##...##
###.#..#
#.#.....##########.##.#
#.......(##......#....#
#.........#.##...†..#.....


You could see Terence (ally target).

Vanquished Creatures
  2 adders (D:2)
  2 ball pythons (D:1)
  An endoplasm (D:1)
  2 goblins
  A hobgoblin (D:2)
  2 kobolds (D:1)
  2 bats (D:1)
  A rat (D:1)
13 creatures vanquished.

Vanquished Creatures (others)
  49 foxfires
49 creatures vanquished.

Grand Total: 62 creatures vanquished

Notes
Turn   | Place    | Note
-------+----------+-------------------------------------------
     0 | D:1      | sasquatch the Deep Elf Fire Elementalist began the quest
                  | for the Orb.
     0 | D:1      | Reached XP level 1. HP: 10/10 MP: 6/6
   721 | D:1      | Reached XP level 2. HP: 15/15 MP: 5/8
  1079 | D:2      | Reached XP level 3. HP: 19/19 MP: 3/10
  1149 | D:2      | Noticed Terence
  1155 | D:2      | Slain by Terence

Illustrated notes

Levels and vault maps discovered:
D:1:      minmay_arrival_wavy_path, layout_basic,
          amcnicky_mini_rare_corridor_liquid
D:2:      layout_loops_corners, shapermc_ecumenical_altar_mp_vishouse,
          serial_shops, shop_fountains, chequers_serial_rivers_marsh,
          uniq_terence

Action                   || total
-------------------------++-------
 Cast: Foxfire           ||    30
Armor: Robe              ||     1
Dodge: Dodged            ||     5
